 Dungeon Crawl Stone Soup version 0.26.1-2-gb8aa6d0cf2 (webtiles) character file.

Game seed: 8346040963145486208

2092 H0rd4k the Slasher (level 9, -13/65 HPs)
             Began as a Human Artificer on Mar 11, 2021.
             Was an Initiate of Gozag.
             Killed by divine providence
             ... invoked by an orc priest
              (18 damage)
             ... on level 7 of the Dungeon.
             The game lasted 00:13:30 (10341 turns).

H0rd4k the Slasher (Human Artificer)               Turns: 10341, Time: 00:13:32

Health: -13/65     AC: 14    Str: 14    XL:     9   Next: 52%
Magic:  9/9        EV: 14    Int: 13    God:    Gozag
Gold:   245        SH:  0    Dex: 14    Spells: 8/8 levels left

rFire    x . .     SeeInvis .   b - +1 great sword (protect)
rCold    + . .     Faith    .   (shield currently unavailable)
rNeg     . . .     Spirit   .   G - +2 leather armour {rPois}
rPois    +         Reflect  .   (no helmet)
rElec    .         Harm     +   B - scarf {harm}
rCorr    .         Rampage  .   j - +1 pair of gloves
Will     .....                  (no boots)
Stlth    +++.......             H - amulet of magic regeneration
HPRegen  0.20/turn              i - ring of stealth
MPRegen  0.36/turn              g - ring of ice

@: brilliant, protection aura, hasted, very quick
A: no striking features
a: Renounce Religion, Potion Petition, Call Merchant, Bribe Branch


You were on level 7 of the Dungeon.
You worshipped Gozag.
Gozag was aware of your devotion.
You visited 2 branches of the dungeon, and saw 8 of its levels.

You collected 620 gold pieces.
You spent 285 gold pieces at shops.
You paid 90 gold pieces to Gozag.

Inventory:

Hand Weapons
 b - a +1 great sword of protection (weapon)
 p - a +0 falchion
 z - the +3 hunting sling of Gomown {venom, Dex+3}
   (You found it on level 4 of the Dungeon)

   It poisons the ammo it fires.
   It affects your dexterity (+3).
 F - a +2 short sword of freezing
Missiles
 A - 26 sling bullets
Armour
 j - a +1 pair of gloves (worn)
 y - a +2 cloak
 B - a scarf of harm (worn)
 G - a +2 leather armour of poison resistance (worn)
Jewellery
 g - a ring of ice (right hand)
 i - a ring of stealth (left hand)
 l - an uncursed amulet of the acrobat
 v - an uncursed ring of fire
 H - an amulet of magic regeneration (around neck)
Wands
 d - a wand of enslavement (6)
 e - a wand of random effects (8)
 t - a wand of disintegration (12)
 D - a wand of polymorph (6)
Scrolls
 a - 2 scrolls of fog {unknown}
 h - 5 scrolls of remove curse
 k - 4 scrolls of amnesia {unknown}
 m - 3 scrolls of teleportation {unknown}
 n - a scroll of enchant weapon {unknown}
 o - 4 scrolls of fear {unknown}
 r - a scroll of immolation {unknown}
 s - 5 scrolls of magic mapping {unknown}
 u - 3 scrolls of identify {unknown}
 x - 2 scrolls of random uselessness {unknown}
 I - a scroll of torment {unknown}
Potions
 c - a potion of might
 f - 4 potions of brilliance
 q - a potion of haste
 w - a potion of mutation {unknown}
 C - a potion of curing {unknown}
 E - a potion of heal wounds {unknown}


   Skills:
 + Level 4.1 Fighting
 + Level 1.6(4.2) Short Blades
 + Level 6.0(6.2) Long Blades
 * Level 4.1 Slings
 + Level 4.3 Armour
 + Level 4.3 Dodging
 + Level 3.4 Stealth
 + Level 5.1 Evocations


You had 8 spell levels left.
You didn't know any spells.
Your spell library was empty.

Dungeon Overview and Level Annotations

Branches:
Dungeon (7/15)             Temple (1/1) D:4

Altars:
Cheibriados
Dithmenos
Elyvilon
Gozag
Hepliaklqana
Kikubaaqudgha
Makhleb
Nemelex Xobeh
Okawaru
Qazlal
Ru
Sif Muna
Trog
Xom
Yredelemnul
Zin
The Shining One

Shops:
D:6 (

Annotations:
D:3 exclusion: downstairs
D:4 exclusion: phantom


Message History

* * * LOW HITPOINT WARNING * * *
The orc wizard closely misses you.
You riposte.
You barely miss the orc wizard.
The orc wizard is moderately wounded.
The orc wizard casts a spell at you. The puff of frost misses you.
The puff of frost hits the orc wizard!
The orc wizard hits you but does no damage.
It was a potion of brilliance.
You feel clever all of a sudden. The orc wizard casts a spell at you.
The puff of flame hits you but does no damage.
The orc wizard miscasts a cantrip.
The orc wizard barely misses you. The orc wizard completely misses you.
It was a potion of haste.
You feel yourself speed up.
The jelly jiggles.
An orc comes into view. It is wielding a +0 hand axe.
The orc wizard hits you but does no damage.
The orc priest mumbles some strange prayers to Beogh against you.
Beogh smites you!
You die...
Your body crumbles into a pile of gold.

♣....♣♣ ♣♣♣♣♣♣♣.♣#.#
♣♣♣...♣
♣♣♣♣♣♣......♣♣#.#
♣...♣♣♣...♣.♣♣♣♣♣♣♣ #.#
♣♣.....)♣♣.♣♣ #.#
♣♣♣♣♣♣♣♣♣♣♣ ##.# ###..#
######...##
#############....#.###
...o..ozJo@o..##.#.#
......#o########...#####
...Z....# .............#
......### .............#
...... .............#
..... ###..........#
..... ######.##### ..#
#.# ..#


You could see a jelly, a wight, an orc priest, 3 orc wizards and an orc
(wandering).

Vanquished Creatures
  Sigmund (D:2)
  An orc warrior (D:7)
  A sky beast (D:6)
  2 ice beasts (D:5)
  3 ogres
  A centaur (D:6)
  3 bullfrogs (D:7)
  3 scorpions
  4 wights (D:6)
  A bullfrog zombie (D:5)
  2 hounds
  A jelly (D:7)
  A bullfrog skeleton (D:7)
  2 orc priests (D:6)
  A gnoll shaman (D:5)
  4 orc wizards
  Jessica (D:2)
  Terence (D:2)
  11 gnolls
  6 adders
  A shadow imp (D:5)
  A white imp (D:5)
  3 ufetubi
  An ooze (D:2)
  An adder zombie (D:5)
  2 adder skeletons
  5 worms
  4 dart slugs
  A leopard gecko (D:1)
  15 orcs
  A ball python (D:2)
  8 bats
  2 giant cockroaches
  5 goblins
  5 hobgoblins
  8 jackals
  4 kobolds
  5 quokkas
  4 frilled lizards
  A jackal skeleton (D:5)
  4 rats
131 creatures vanquished.

Vanquished Creatures (collateral kills)
  An orc priest (D:4)
  2 orcs (D:4)
  A goblin (D:2)
4 creatures vanquished.

Vanquished Creatures (others)
  An ogre (D:5)
  A wight (D:6)
  An iguana (D:4)
  A gnoll (D:3)
  An adder (D:2)
5 creatures vanquished.

Grand Total: 140 creatures vanquished

Notes
Turn   | Place    | Note
-------+----------+-------------------------------------------
     0 | D:1      | H0rd4k the Human Artificer began the quest for the Orb.
     0 | D:1      | Reached XP level 1. HP: 15/15 MP: 1/1
   343 | D:1      | Reached XP level 2. HP: 11/21 MP: 2/2
  1233 | D:2      | Reached XP level 3. HP: 26/26 MP: 3/3
  1289 | D:2      | Noticed Sigmund
  1293 | D:2      | Killed Sigmund
  1294 | D:2      | Reached skill level 1 in Short Blades
  1294 | D:2      | Reached XP level 4. HP: 32/32 MP: 4/4
  1294 | D:2      | Reached XP level 5. HP: 37/37 MP: 5/5
  1294 | D:2      | Reached XP level 6. HP: 43/43 MP: 6/6
  1877 | D:2      | Found a burning altar of Makhleb.
  2165 | D:2      | Noticed Terence
  2167 | D:2      | Killed Terence
  2227 | D:2      | Found a faded altar of an unknown god.
  3208 | D:3      | Reached skill level 1 in Long Blades
  3420 | D:3      | Found a basalt altar of Yredelemnul.
  4316 | D:4      | Noticed an ogre
  4629 | D:4      | Reached XP level 7. HP: 50/50 MP: 7/7
  4797 | D:4      | Reached skill level 2 in Long Blades
  4962 | D:4      | Found a staircase to the Ecumenical Temple.
  5521 | D:4      | Reached skill level 3 in Long Blades
  5850 | D:4      | Got a crystal hunting sling
  5851 | D:4      | Identified the +3 hunting sling of Gomown {venom, Dex+3}
                  | (You found it on level 4 of the Dungeon)
  5931 | D:5      | Entered Level 5 of the Dungeon
  6061 | D:2      | Found a shimmering altar of Xom.
  6061 | D:2      | Noticed Jessica
  6066 | D:2      | Killed Jessica
  6067 | D:2      | Reached skill level 5 in Evocations
  6136 | D:5      | Reached XP level 8. HP: 57/57 MP: 8/8
  6372 | D:5      | Reached skill level 1 in Slings
  6560 | Temple   | Entered the Ecumenical Temple
  7048 | Temple   | Became a worshipper of Gozag Ym Sagoz the Greedy
  7287 | D:5      | Found an iron altar of Okawaru.
  7942 | D:6      | Reached skill level 4 in Long Blades
  9082 | D:6      | Found a glowing silver altar of Zin.
  9363 | D:6      | Found Parenasu's Antique Weapon Shoppe.
  9370 | D:6      | Bought a glowing great sword for 285 gold pieces
  9507 | D:5      | Reached XP level 9. HP: 62/63 MP: 9/9
  9665 | D:5      | Reached skill level 5 in Long Blades
 10331 | D:7      | Reached skill level 6 in Long Blades
 10341 | D:7      | Killed from afar by an orc priest

Illustrated notes

Levels and vault maps discovered:
D:1:      saegor_arrival_simple_e, layout_basic, serial_park_tiny_1
D:2:      layout_loops_corners, nicolae_overflow_hidden_temple, serial_rivers,
          chequers_serial_rivers_micro_c, chequers_serial_rivers_room_b,
          chequers_serial_rivers_marsh, chequers_serial_rivers_small_b,
          chequers_serial_rivers_room_b, chequers_serial_rivers_room_b,
          chequers_ecumenical_altar_island, minmay_bisected, uniq_terence,
          uniq_sigmund, uniq_jessica
D:3:      layout_basic, lemuel_round_altar, kennysheep_flooded_box,
          serial_bayou_pond_c
D:4:      layout_loops_ring, minmay_temple_entry_waves
D:5:      layout_cave_pools, marbit_many_paths
D:6:      layout_loops_corners, lemuel_coloured_pillars_altar, serial_shops,
          nicolae_shop_crystal
D:7:      kb_forest_paths, layout_basic, lemuel_doored_altar
Temple:   minmay_temple_forest_path

Skill      XL: |  1  2  3  4  5  6  7  8  9 |
---------------+----------------------------+-----
Short Blades   | 1 |  1.6
Armour         | 3 4 |  4.3
Evocations     | 4 5 |  5.1
Stealth        | 2 3 |  3.4
Long Blades    | 1 3 4 6 |  6.0
Dodging        | 2 3 4 |  4.3
Fighting       | 2 3 4 |  4.1
Slings         | 2 4 |  4.1

Action                   |  1- 3 |  4- 6 |  7- 9 || total
-------------------------+-------+-------+-------++-------
Melee: Club              |    13 |       |       ||    13
       Dagger            |    37 |    72 |       ||   109
       Falchion          |       |   126 |   264 ||   390
       Short sword       |       |       |    15 ||    15
       Great sword       |       |       |    75 ||    75
 Fire: Hunting sling     |       |       |    11 ||    11
Evoke: Wand              |     7 |    13 |    15 ||    35
  Use: Scroll            |       |       |     1 ||     1
       Potion            |       |       |     2 ||     2
 Stab: Sleeping          |     1 |     9 |     1 ||    11
       Distracted        |       |       |     3 ||     3
Armor: Leather armour    |    23 |    49 |   136 ||   208
Dodge: Dodged            |    35 |   148 |   280 ||   463
       Rpst.: Falchion   |       |    43 |    67 ||   110
       Great sword       |       |       |    24 ||    24
